 Dungeon Crawl Stone Soup version 0.27.1-33-g824d729ab1 (webtiles) character file.

Game seed: 9288941404553235855

37 lordive the Covert (level 3, -1/19 HPs)
             Began as a Vampire Delver on Dec 27, 2021.
             Slain by Eustachio (2 damage)
             ... on level 5 of the Dungeon.
             The game lasted 00:00:43 (158 turns).

lordive the Covert (Vampire Delver)                  Turns: 158, Time: 00:00:43

Health: -1/19      AC:  3    Str: 11      XL:     3   Next: 23%
Magic:  3/3        EV: 12    Int: 13      God:
Gold:   15         SH:  0    Dex: 14 (15) Spells: 2/2 levels left

rFire    . . .     SeeInvis +   a - +0 short sword
rCold    + + .     Faith    .   (no shield)
rNeg     + + +     Spirit   .   b - +0 leather armour
rPois    ∞         Reflect  .   (no helmet)
rElec    .         Harm     .   (no cloak)
rCorr    .         Rampage  .   (no gloves)
Will     .....                  (no boots)
Stlth    ++++++....             (no amulet)
HPRegen  0.00/turn              (no ring)
MPRegen  0.08/turn              (no ring)

@: bloodless, inhibited regen
A: bloodless, fangs 3, see invisible, vampiric 2, [frail 1]
a: Bat Form, Revivify


You were on level 5 of the Dungeon.
You visited 1 branch of the dungeon, and saw 1 of its levels.

You collected 15 gold pieces.

Inventory:

Hand Weapons
 a - a +0 short sword (weapon)
Armour
 b - a +0 leather armour (worn)
Wands
 g - a wand of digging (3)
Scrolls
 c - a scroll of fog
 d - a scroll of magic mapping
 e - a scroll of fear
 h - a scroll of noise {unknown}
Potions
 f - a potion of haste


   Skills:
 + Level 2.9 Fighting
 + Level 2.5 Short Blades
 + Level 2.3 Dodging
 + Level 8.4 Stealth


You had 2 spell levels left.
You didn't know any spells.
Your spell library was empty.

Dungeon Overview and Level Annotations

Branches:
Dungeon (5/15)
 Temple: D:4-7

Altars:

Annotations:
D:5 Eustachio


Innate Abilities, Weirdness & Mutations

You do not regenerate when monsters are visible.
You are frail without blood (-20% HP).
You can heal yourself when you bite living creatures.
You are immune to poison.
You have razor-sharp teeth.
You have supernaturally acute eyesight. (SInv)
You are afflicted with vampirism and can become a bat while bloodless.
[You are frail. (-10% HP)]


Message History

You barely miss the adder.
The adder is heavily wounded.
You feel sick. The adder closely misses you.
You hit the adder.
The adder is heavily wounded.
You feel sick. The adder bites you.
Eustachio calls on the powers of shadow!
Eustachio mumbles some strange words.
Eustachio blinks!
You hit the adder.
You kill the adder!
You feel sick.
You are no longer poisoned.
You begin bloodletting.
You continue bloodletting.
Eustachio mumbles some strange words.
Eustachio blinks!
You continue bloodletting. x4
Eustachio casts a spell.
You become bloodless.
Eustachio casts a spell.
Eustachio blinks!
You see here an adder corpse.
Eustachio mumbles some strange words.
The bat barely misses you.
You closely miss the bat. Your bite misses the bat. The bat barely misses you.
The bat closely misses you. The ufetubus barely misses you. x2
You miss the ufetubus. The bat closely misses you. The ufetubus hits you.
The ufetubus barely misses you.
You miss the ufetubus. The bat hits you. The quasit barely misses you.
The quasit claws you. The quasit barely misses you. The ufetubus hits you.
* * * LOW HITPOINT WARNING * * *
The ufetubus hits you but does no damage.
The quasit closely misses you. The quasit claws you.
* * * LOW HITPOINT WARNING * * *
You feel clumsy. The quasit closely misses you.
You closely miss the quasit. Your bite misses the quasit.
The quasit barely misses you. x2; The quasit closely misses you.
Eustachio hits you with a +0 rapier.
You die...

.........(........>
#..................#
.......^...........#
...................#
...................#...
...............###.....
......5.......#####....
......5.......#........
....)b5@.†.#......#....
......@....##.....#....
...............(......
.#......................
###..............##....
#.....###.......####..
#.....#...##....#.#...
......#...............
####.#....###........


You could see Eustachio, 2 quasits, an ufetubus (summoned) and a bat (summoned).

Vanquished Creatures
  A bullfrog skeleton (D:5)
  An adder (D:5)
2 creatures vanquished.

Notes
Turn   | Place    | Note
-------+----------+-------------------------------------------
     0 | D:5      | lordive the Vampire Delver began the quest for the Orb.
     0 | D:5      | Reached XP level 1. HP: 17/17 MP: 1/1
    30 | D:5      | Noticed a black bear
    40 | D:5      | Noticed Eustachio
    53 | D:5      | Reached skill level 8 in Stealth
    53 | D:5      | Reached XP level 2. HP: 2/18 MP: 2/2
    53 | D:5      | Gained mutation: You are afflicted with vampirism and can
                  | become a bat while bloodless. [Vampire growth]
    53 | D:5      | Reached XP level 3. HP: 2/22 MP: 3/3
   158 | D:5      | Slain by Eustachio

Illustrated notes

Levels and vault maps discovered:
D:5:      layout_cave_pools, minmay_temple_entry_drinking_statues,
          uniq_eustachio, uniq_grinder

Skill      XL: |  1 |
---------------+----+-----
Stealth        | 8 |  8.4
Fighting       | |  2.9
Short Blades   | |  2.5
Dodging        | |  2.3

Action                   || total
-------------------------++-------
Melee: Short sword       ||    22
       Bite              ||     2
 Abil: Exsanguinate      ||     2
       Revivify          ||     1
Armor: Leather armour    ||     3
Dodge: Dodged            ||    25
